 Dungeon Crawl Stone Soup version 0.25-a0-35-g747a2b3c0c (webtiles) character file.

Game seed: 6257389489387121458, levelgen mode: deterministic

9478 DavidChitty2 the Thaumaturge (level 11, -3/66 HPs)
             Began as a Deep Elf Fire Elementalist on Oct 19, 2019.
             Was an Elder of Vehumet.
             Slain by a slime creature (18 damage)
             ... on level 13 of the Dungeon.
             The game lasted 00:35:18 (13838 turns).

DavidChitty2 the Thaumaturge (DEFE)                Turns: 13838, Time: 00:35:19

Health: -3/66      AC: 14    Str:  5    XL:     11   Next: 23%
Magic:  16/27      EV: 13    Int: 26    God:    Vehumet [****..]
Gold:   532        SH:  0    Dex: 17    Spells: 13/31 levels left

rFire    + . .     SeeInvis +   a - +3 spear "Plog" {venom, MR+ Int+2 Dex+2 Stlth+}
rCold    . . .     Gourm    .   (no shield)
rNeg     . . .     Faith    .   C - +1 robe {rF+}
rPois    .         Spirit   .   J - +1 hat {SInv}
rElec    .         Reflect  .   A - +0 cloak
rCorr    .         Harm     .   (no gloves)
MR       ++...                  l - +2 pair of boots
Stlth    +++.......             r - amulet of magic regeneration
HPRegen  0.21/turn              n - +6 ring of protection
MPRegen  0.45/turn              z - ring of see invisible

@: about to teleport
A: no striking features
a: Renounce Religion


You were on level 13 of the Dungeon.
You worshipped Vehumet.
Vehumet was greatly pleased with you.
You were not hungry.

You visited 2 branches of the dungeon, and saw 12 of its levels.

You collected 532 gold pieces.

Inventory:

Hand Weapons
 a - the +3 spear "Plog" (weapon) {venom, MR+ Int+2 Dex+2 Stlth+}
   (You found it on level 6 of the Dungeon)

   It poisons the flesh of those it strikes.
   It affects your intelligence (+2).
   It affects your dexterity (+2).
   It affects your resistance to hostile enchantments.
   It makes you more stealthy.
Missiles
 o - 283 stones
 w - 18 poisoned darts (quivered)
Armour
 l - a +2 pair of boots (worn)
   (You found it on level 1 of the Dungeon)
 A - a +0 cloak (worn)
   (You took it off Crazy Yiuf on level 3 of the Dungeon)
 C - a +1 robe of fire resistance (worn)
   (You took it off an orc wizard on level 3 of the Dungeon)
 J - a +1 hat of see invisible (worn)
   (You found it on level 10 of the Dungeon)
Jewellery
 n - a +6 ring of protection (left hand)
   (You took it off a goblin on level 1 of the Dungeon)
 r - an amulet of magic regeneration (around neck)
   (You found it on level 7 of the Dungeon)
 z - a ring of see invisible (right hand)
   (You found it on level 2 of the Dungeon)
Wands
 d - a wand of iceblast (9)
   (You found it on level 7 of the Dungeon)
 t - a wand of flame (6)
   (You found it on level 8 of the Dungeon)
 E - a wand of enslavement (11)
   (You found it on level 7 of the Dungeon)
Scrolls
 c - 3 scrolls of teleportation {@r4}
 f - 4 scrolls of magic mapping
 h - 10 scrolls of remove curse {@r2}
 i - a scroll of blinking
 v - a scroll of fear
 x - 2 scrolls of enchant weapon
 y - a scroll of fog
 H - a scroll of amnesia
 K - a scroll of immolation {unknown}
Potions
 b - a potion of haste {unknown}
 g - 2 potions of resistance
 j - a potion of brilliance
 k - 3 potions of agility
 m - 2 potions of flight
 p - 2 potions of might
 q - 4 potions of curing {@q1}
 u - a potion of ambrosia
 B - a potion of lignification {!q}
 D - a potion of mutation {!q}
 F - a potion of cancellation
 I - a potion of berserk rage
Miscellaneous
 s - a phantom mirror
Comestibles
 e - 21 rations {!d}


   Skills:
 + Level 6.8 Fighting
 + Level 1.7 Armour
 - Level 2.4 Dodging
 - Level 2.4 Stealth
 + Level 10.7 Spellcasting
 - Level 8.0 Conjurations
 - Level 7.0 Hexes
 + Level 6.4 Summonings
 - Level 9.0 Fire Magic


You had 13 spell levels left.
You knew the following spells:

 Your Spells              Type           Power        Failure   Level  Hunger
a - Flame Tongue          Conj/Fire      #####        1%          1    None
b - Fireball              Conj/Fire      ######....   1%          5    ####...
c - Blink                 Tloc           N/A          6%          2    None
d - Conjure Flame         Conj/Fire      ######..     1%          3    None
w - Summon Mana Viper     Hex/Summ       #####...     8%          5    ####...
x - Throw Flame           Conj/Fire      ######       1%          2    None

Your spell library contained the following spells:

 Spells                   Type           Power        Failure   Level  Hunger
 Lightning Bolt           Conj/Air       ####......   6%          5    ####...
 Confusing Touch          Hex            ######       1%          1    None
 Magic Dart               Conj           ####         1%          1    None
 Call Imp                 Summ           #####...     1%          2    None
 Slow                     Hex            ######..     1%          2    None
 Confuse                  Hex            ######..     1%          3    None
 Inner Flame              Hex/Fire       ######..     1%          3    None
 Mephitic Cloud           Conj/Pois/Air  ####....     1%          3    None
 Sticky Flame             Conj/Fire      ######..     1%          4    None
 Recall                   Summ/Tloc      N/A          3%          3    None
 Yara's Violent Unravell  Hex/Tmut       ####......   8%          5    ####...
 Aura of Abjuration       Summ           #####.....   9%          5    ####...
 Summon Demon             Summ           #####.....   9%          5    ####...
 Gell's Gravitas          Tloc           ##........   13%         3    None
 Metabolic Englaciation   Hex/Ice        ####......   28%         5    ####...
 Summon Forest            Summ/Tloc      ####......   32%         5    ####...
 Petrify                  Tmut/Erth      ##......     38%         4    None
 Shadow Creatures         Summ           N/A          43%         6    #####..


Dungeon Overview and Level Annotations

Branches:
Dungeon (10/15)            Temple (1/1) D:6            Lair (0/6) D:9
    Orc (0/2) D:9

Altars:
Ashenzari
Cheibriados
Dithmenos
Elyvilon
Fedhas
Gozag
Hepliaklqana
Kikubaaqudgha
Makhleb
Nemelex Xobeh
Okawaru
Qazlal
Ru
Sif Muna
Trog
Uskayaw
Vehumet
Wu Jian
Xom
Yredelemnul
Zin
The Shining One
Beogh

Shops:
D:8 (

Annotations:
D:4 exclusion: ogre


Message History

Aim: a soldier ant (almost dead)
The puff of flame hits the soldier ant.
You kill the soldier ant!
Vehumet accepts your kill. The hound bites you but does no damage.
Aim: a hound (heavily wounded)
The puff of flame hits the hound!
You kill the hound!
Vehumet accepts your kill.
You feel your power returning.
You can't see any susceptible monsters within range! (Use Z to cast anyway.)
You can't see any susceptible monsters within range! (Use Z to cast anyway.)
You start resting.
You start waiting.
Some of the chunks of flesh in your inventory have rotted away.
All of the chunks of flesh in your inventory have rotted away.
Done waiting.
You fall into a shaft and drop 3 floors!
The shaft crumbles and collapses. 3 slime creatures come into view.
Aim: a slime creature (resting)
The puff of flame hits the slime creature.
The slime creature quivers. x3
The slime creature hits you!
Aim: a slime creature (lightly wounded)
The puff of flame hits the slime creature.
The slime creature hits you!!
* * * LOW HITPOINT WARNING * * *
Two slime creatures merge to form a large slime creature.
The slime creature barely misses you.
A slime creature comes into view.
Unknown command.
Aim: a slime creature (lightly wounded)
Okay, then.
Aim: a large slime creature The fireball explodes!
The fireball engulfs the large slime creature!!
The fireball engulfs the slime creature!
The slime creature hits you but does no damage.
Aim: a large slime creature (lightly wounded)
The fireball explodes!
The fireball engulfs the large slime creature!
The fireball engulfs the slime creature!! x2
The slime creature hits you!
* * * LOW HITPOINT WARNING * * *
Two slime creatures merge to form a very large slime creature.
Unknown command.
As you read the scroll of teleportation {@r4}, it crumbles to dust.
You feel strangely unstable. The slime creature hits you!!
You die...

#..# #..# #..#
#..# #. #..#
##..#####..####..
.......J.........
........J@.......
###..############
#


You could see a very large slime creature and a slime creature.

Vanquished Creatures
  3 two-headed ogres
  Prince Ribbit (D:9)
  2 hippogriffs
  Sigmund (D:6)
  4 hogs (D:8)
  2 wyverns
  A basilisk (D:10)
  A human (D:8)
  4 hungry ghosts
  A soldier ant (D:10)
  5 orc warriors
  An ice beast (D:10)
  3 phantoms
  A black bear (D:10)
  A necrophage (D:6)
  5 ogres
  2 centaurs (D:9)
  5 bullfrogs
  4 big kobolds
  6 scorpions
  3 wights (D:6)
  6 crimson imps
  4 howler monkeys
  A bullfrog zombie (D:5)
  6 hounds
  12 orc priests
  2 bullfrog skeletons
  Crazy Yiuf (D:3)
  3 centaur skeletons
  A gnoll shaman (D:10)
  A jelly (D:10)
  Jessica (D:2)
  2 iguanas
  15 orc wizards
  5 worker ants
  A hound skeleton (D:7)
  A worker ant zombie (D:10)
  Robin (D:4)
  8 adders
  15 gnolls
  A howler monkey skeleton (D:7)
  4 shadow imps
  An ooze (D:4)
  An adder skeleton (D:4)
  2 worms
  A dart slug (D:1)
  4 leopard geckos
  32 orcs
  8 bats
  3 giant cockroaches
  22 goblins
  7 hobgoblins
  4 jackals (D:3)
  27 kobolds
  6 quokkas
  3 frilled lizards (D:4)
  A quokka skeleton (D:4)
  4 rats
273 creatures vanquished.

Vanquished Creatures (collateral kills)
  3 yaks (D:9)
  A hungry ghost (D:8)
  A water moccasin skeleton (D:10)
  An orc wizard (D:8)
  A hound skeleton (D:8)
  A worker ant zombie (D:8)
  A shadow imp (D:8)
  An orc (D:8)
10 creatures vanquished.

Grand Total: 283 creatures vanquished

Notes
Turn   | Place    | Note
-------+----------+-------------------------------------------
     0 | D:1      | DavidChitty2 the Deep Elf Fire Elementalist began the quest
                  | for the Orb.
     0 | D:1      | Reached XP level 1. HP: 10/10 MP: 6/6
   321 | D:1      | Reached XP level 2. HP: 15/15 MP: 6/8
   345 | D:1      | Learned a level 2 spell: Throw Flame
   904 | D:2      | You fall into a shaft and drop 2 floors!
   923 | D:4      | Reached skill level 1 in Fighting
   923 | D:4      | Reached XP level 3. HP: 13/20 MP: 0/10
  1056 | D:4      | Reached XP level 4. HP: 25/25 MP: 0/11
  1296 | D:3      | Noticed Robin
  1302 | D:4      | Killed Robin
  1370 | D:4      | Learned a level 3 spell: Conjure Flame
  1499 | D:4      | Reached skill level 4 in Spellcasting
  1643 | D:3      | Reached XP level 5. HP: 8/29 MP: 0/13
  1931 | D:3      | Learned a level 5 spell: Fireball
  1942 | D:3      | Reached skill level 5 in Fire Magic
  2728 | D:3      | Reached XP level 6. HP: 35/35 MP: 8/14
  2859 | D:2      | You fall into a shaft and drop 2 floors!
  3437 | D:2      | Found a hazy altar of Hepliaklqana.
  3442 | D:2      | Noticed Jessica
  3444 | D:2      | Killed Jessica
  3934 | D:3      | Found a runed translucent door.
  3935 | D:3      | Noticed Crazy Yiuf
  4350 | D:3      | Killed Crazy Yiuf
  4458 | D:4      | Reached skill level 5 in Spellcasting
  4554 | D:4      | Reached XP level 7. HP: 33/40 MP: 4/16
  5602 | D:5      | Entered Level 5 of the Dungeon
  6246 | D:5      | Reached skill level 6 in Spellcasting
  6367 | D:5      | Reached XP level 8. HP: 42/46 MP: 1/19
  7382 | D:6      | Found a staircase to the Ecumenical Temple.
  7389 | Temple   | Entered the Ecumenical Temple
  7549 | Temple   | Became a worshipper of Vehumet
  7816 | D:6      | Reached skill level 5 in Conjurations
  8005 | D:6      | Found a white marble altar of Elyvilon.
  8008 | D:6      | Found a shadowy altar of Dithmenos.
  8011 | D:6      | Found a glowing golden altar of the Shining One.
  8135 | D:6      | Reached skill level 7 in Spellcasting
  8423 | D:6      | Got a shimmering spear
  8425 | D:6      | Identified the +3 spear "Plog" {venom, MR+ Int+2 Dex+2
                  | Stlth+} (You found it on level 6 of the Dungeon)
  8554 | D:6      | You fall into a shaft and drop 1 floor!
  8834 | D:7      | Reached XP level 9. HP: 52/52 MP: 13/22
  8983 | D:7      | Reached * piety under Vehumet
  8983 | D:7      | Offered knowledge of Shock by Vehumet.
  9108 | D:6      | Reached skill level 8 in Spellcasting
  9554 | D:6      | Noticed Sigmund
  9561 | D:6      | Killed Sigmund
  9563 | D:6      | Found a hide-covered altar of Uskayaw.
  9904 | D:6      | Learned a level 5 spell: Summon Mana Viper
  9934 | D:6      | Reached skill level 1 in Hexes
 10174 | D:7      | Reached skill level 5 in Fighting
 10195 | D:7      | Reached skill level 1 in Summonings
 10208 | D:7      | Reached ** piety under Vehumet
 10208 | D:7      | Offered knowledge of Sting by Vehumet.
 10996 | D:8      | Reached skill level 9 in Spellcasting
 11396 | D:8      | Reached XP level 10. HP: 59/59 MP: 17/25
 11800 | D:8      | Found Ziet's Antique Weapon Shop.
 11820 | D:8      | Found an opulent altar of Gozag.
 11869 | D:9      | Found a staircase to the Orcish Mines.
 11920 | D:9      | Offered knowledge of Ignite Poison by Vehumet.
 11968 | D:9      | Learned a level 2 spell: Blink
 12045 | D:9      | Reached *** piety under Vehumet
 12175 | D:9      | Found a roughly hewn altar of Beogh.
 12246 | D:9      | Noticed Prince Ribbit
 12260 | D:9      | Killed Prince Ribbit
 12464 | D:9      | Found a staircase to the Lair.
 12559 | D:9      | Noticed a two-headed ogre
 12571 | D:9      | Killed a two-headed ogre
 12571 | D:9      | Reached skill level 10 in Spellcasting
 12571 | D:9      | Reached skill level 5 in Hexes
 12683 | D:9      | Noticed a two-headed ogre
 12688 | D:9      | Killed a two-headed ogre
 12688 | D:9      | Reached skill level 5 in Summonings
 12783 | D:9      | Offered knowledge of Airstrike by Vehumet.
 13148 | D:10     | Entered Level 10 of the Dungeon
 13154 | D:10     | Reached XP level 11. HP: 66/66 MP: 22/27
 13276 | D:10     | Reached skill level 1 in Armour
 13345 | D:10     | Noticed a two-headed ogre
 13349 | D:10     | Killed a two-headed ogre
 13349 | D:10     | Reached **** piety under Vehumet
 13513 | D:10     | Offered knowledge of Lightning Bolt by Vehumet.
 13831 | D:10     | You fall into a shaft and drop 3 floors!
 13838 | D:13     | Slain by a slime creature

Levels and vault maps discovered:
D:1:      dpeg_arrival_simpleton_a, layout_basic, grunt_decor_mini_mirrors
D:2:      layout_loops_ring, old_standard_altar, uniq_jessica
D:3:      layout_loops_ring, uniq_robin, uniq_crazy_yiuf_cottage
D:4:      layout_loops_ring
D:5:      layout_loops_corners, first_ration
D:6:      layout_gridville, eat_drink_and_be_merry_uskayaw,
          grunt_temple_overflow_diamond, minmay_temple_entry_stoned_glass,
          minmay_misc_feat_tiny, uniq_sigmund
D:7:      layout_loops_ring
D:8:      layout_cave_pools, lemuel_doored_altar, serial_shops,
          nicolae_shop_trees, hangedman_abyss_or_decor_jellyfish_corner,
          grunt_livestock, skrybe_limestone_x, corexii_mini_fake_secret_closet
D:9:      layout_long_grid, lair_entry_dummy, minmay_orc_entry_temple_small,
          wad_floor_pattern_untrapped, uniq_prince_ribbit1
D:10:     layout_cave_pools, minmay_radiant
D:13:     erik_rubicon_b, layout_small_grid, erik_vaults_2,
          gammafunk_ghost_split
Temple:   nicolae_temple_elliptical

Skill      XL: |  1  2  3  4  5  6  7  8  9 10 11 |
---------------+----------------------------------+-----
Fighting       | 1 2 3 4 5 6 |  6.8
Fire Magic     | 4 5 6 7 8 9 |  9.0
Conjurations   | 2 3 4 6 8 |  8.0
Spellcasting   | 4 5 6 7 9 10 | 10.7
Hexes          | 3 6 7 |  7.0
Summonings     | 2 5 6 |  6.4
Armour         | 1 |  1.7
Dodging        | |  2.4
Stealth        | |  2.4

Action                   |  1- 3 |  4- 6 |  7- 9 | 10-12 || total
-------------------------+-------+-------+-------+-------++-------
Melee: Dagger            |    19 |    19 |    92 |       ||   130
       Spear             |       |    10 |    59 |    31 ||   100
       Trident           |       |       |    24 |       ||    24
Throw: Stone             |       |    32 |       |       ||    32
 Cast: Flame Tongue      |    22 |   108 |   135 |    13 ||   278
       Throw Flame       |    11 |    46 |   149 |   168 ||   374
       Conjure Flame     |       |     9 |     7 |     2 ||    18
       Fireball          |       |       |     5 |    22 ||    27
       Summon Mana Viper |       |       |     2 |     4 ||     6
  Use: Potion            |       |     3 |     3 |       ||     6
       Scroll            |       |       |    20 |     4 ||    24
  Eat: Chunk             |       |    12 |    33 |    12 ||    57
       Ration            |       |       |     1 |       ||     1
Armor: Leather armour    |     6 |    34 |   103 |       ||   143
       Robe              |       |       |    18 |    22 ||    40
Dodge: Dodged            |    17 |    74 |   168 |    36 ||   295

Table legend:
 A = Non-vault XP
 B = Vault XP
 C = Vault XP percentage of total XP
 D = Non-vault monster count
 E = Vault monster count
 F = Vault count percentage of total count
                 A         B        C        D         E       F
            +---------+---------+-------+---------+---------+-------
      Total |   11227 |    2313 |  17.1 |     245 |      38 |  13.4
            +---------+---------+-------+---------+---------+-------
        D:1 |      29 |       0 |   0.0 |      15 |       0 |   0.0
        D:2 |      10 |      37 |  78.7 |       5 |       1 |  16.7
        D:3 |     308 |      41 |  11.7 |      41 |       1 |   2.4
        D:4 |     504 |      37 |   6.8 |      23 |      12 |  34.3
        D:5 |     904 |       0 |   0.0 |      19 |       0 |   0.0
        D:6 |    1445 |     220 |  13.2 |      31 |       1 |   3.1
        D:7 |    1055 |       0 |   0.0 |      30 |       0 |   0.0
        D:8 |     902 |     987 |  52.2 |      16 |       5 |  23.8
        D:9 |    3761 |     727 |  16.2 |      37 |      15 |  28.8
       D:10 |    2309 |     264 |  10.3 |      28 |       3 |   9.7
            +---------+---------+-------+---------+---------+-------
